 Dungeon Crawl Stone Soup version 0.31-a0-538-gbc85326fa9 (webtiles) character file.

Game seed: 14075436406838912569

1118 Fodor the Cudgeller (level 8, -7/96 (102) HPs)
             Began as a Minotaur Fighter on Aug 13, 2023.
             Mangled by a wight
             ... wielding a +5 battleaxe of freezing
              (15 damage)
             ... on level 5 of the Dungeon on Aug 14, 2023.
             The game lasted 00:26:59 (4742 turns).

Fodor the Cudgeller (Minotaur Fighter)              Turns: 4742, Time: 00:27:05

HP:   -7/96 (102)   AC: 24    Str: 23    XL:     8   Next: 12%
MP:   7/7           EV:  2    Int:  5    God:
Gold: 120           SH:  5    Dex: 10    Spells: 7/7 levels left

rFire   . . .        o - +3 flail (protect)
rCold   . . .        c - +0 buckler
rNeg    . . .        e - melded +0 plate armour
rPois   +            (helmet currently unavailable)
rElec   .            b - melded +0 cloak
rCorr   .            (gloves currently unavailable)
SInv    .            v - melded +1 pair of boots
Will    .....        (no amulet)
Stlth   +            (no ring)
HPRegen 0.36/turn    (no ring)
MPRegen 0.10/turn

%: no passive effects
@: tree-form, drained
A: stationary, stasis, torment immunity, boosted hp, (horns 2), (retaliatory
headbutt)
a: no special abilities


You were on level 5 of the Dungeon.
You were a tree.
You visited 2 branches of the dungeon, and saw 6 of its levels.

You collected 242 gold pieces.
You spent 122 gold pieces at shops.

Inventory:

Hand Weapons
 o - a +3 flail of protection (weapon)
 y - a +0 shortbow
Missiles
 i - 2 atropa-tipped darts (quivered)
 k - 7 poisoned darts
Armour
 b - a +0 cloak (melded)
 c - a +0 buckler (worn)
 e - a +0 plate armour (melded)
 v - a +1 pair of boots (melded)
Jewellery
 x - a ring of flight
Scrolls
 f - 2 scrolls of vulnerability
 g - a scroll of blinking {unknown}
 h - 2 scrolls of brand weapon
 l - a scroll of noise {unknown}
 n - a scroll of poison {unknown}
 q - a scroll of butterflies {unknown}
 u - a scroll of teleportation {unknown}
 w - a scroll of fog {unknown}
Potions
 a - a potion of invisibility {unknown}
 d - 6 potions of might
 j - 2 potions of enlightenment
 m - a potion of mutation {unknown}
 p - a potion of lignification
 r - a potion of magic {unknown}
 s - a potion of cancellation {unknown}
 t - a potion of haste {unknown}


   Skills:
 + Level 5.3 Fighting
 + Level 5.0 Long Blades
 + Level 7.0 Maces & Flails
 + Level 5.8 Armour
 + Level 0.9 Dodging
 + Level 0.1 Stealth
 + Level 5.9 Shields


You had 7 spell levels left.
You didn't know any spells.
Your spell library contained the following spells:

 Spells                   Type           Power      Damage    Failure   Level
 Shock                    Conj/Air       0%         1d3       54%         1
 Poisonous Vapours        Pois/Air       0%         N/A       67%         2
 Static Discharge         Conj/Air       0%         2-2/arc   67%         2
 Mephitic Cloud           Conj/Pois/Air  0%         N/A       88%         3
 Portal Projectile        Hex/Tloc       0%         N/A       88%         3
 Swiftness                Air            0%         N/A       88%         3
 Tukima's Dance           Hex            0%         N/A       88%         3
 Airstrike                Air            0%         2d(0-16)  99%         4
 Iskenderun's Mystic Bla  Conj/Tloc      0%         2d3       99%         4
 Summon Lightning Spire   Summ/Air       0%         N/A       99%         4
 Fireball                 Conj/Fire      0%         3d3       100%        5
 Freezing Cloud           Conj/Ice/Air   0%         6-21      100%        5
 Iskenderun's Battlesphe  Conj           0%         2d6       100%        5
 Conjure Ball Lightning   Conj/Air       0%         3x3d6     100%        6
 Orb of Destruction       Conj           0%         9d5       100%        7


Dungeon Overview and Level Annotations

Branches:
Dungeon (5/15)             Temple (1/1) D:4

Altars:
Ashenzari
Dithmenos
Elyvilon
Fedhas
Kikubaaqudgha
Makhleb
Nemelex Xobeh
Okawaru
Qazlal
Sif Muna
Trog
Uskayaw
Xom
Zin

Shops:
D:5 *


Innate Abilities, Weirdness & Mutations

You are a tree.
Your roots penetrate the ground, keeping you stationary.
You cannot be teleported.
You are immune to unholy pain and torment.
Your maximum health is greatly increased.
Your equipment is partially melded.
((You have a pair of horns on your head.))
((You reflexively headbutt those who attack you in melee.))


Message History

The wight hits you but does no damage. x2
You hit the wight.
You destroy the wight!
The iguana bites you but does no damage.
You block the wight's attack.
The wight hits you from afar with a +0 trident.
You feel drained. The wight hits you but does no damage. The iguana bites you!
Your Maces & Flails skill increases to level 7!
You barely miss the wight.
The wight is almost destroyed.
The wight hits you but does no damage.
The iguana bites you but does no damage.
The wight hits you but does no damage.
The wight hits you with a +0 morningstar.
You feel drained.
Welcome back, Fodor the Minotaur Fighter.
Press ? for a list of commands and other information.
The wight attacks as you move away!
The wight hits you with a +5 battleaxe of freezing.
The wight freezes you. The iguana bites you.
The wight hits you with a +0 morningstar!
* * * LOW HITPOINT WARNING * * *
The wight attacks as you move away!
The wight hits you with a +5 battleaxe of freezing.
* * * LOW HITPOINT WARNING * * *
You feel drained.
* * * LOW HITPOINT WARNING * * *
The wight freezes you.
* * * LOW HITPOINT WARNING * * *
Okay, then.
Okay, then.
Welcome back, Fodor the Minotaur Fighter.
Press ? for a list of commands and other information.
It was a potion of lignification.
You turn into a tree.
Your +0 cloak melds into your body.
Your +1 pair of boots melds into your body.
Your +0 plate armour melds into your body.
Your roots penetrate the ground.
The wight hits you with a +5 battleaxe of freezing!
You die...

# #....#...........##.#
###....#...........##.#
...........#####.#.##.#
##.........#####......####.#
##........+.<.....†.......#
#........#####.......###.+
#........# #.....#.#
#........# #.....#...
#####...... #♣l...#.#...
#....#.# #zz...#.#####
#....#.. #.[z###.# #....#
#.#.#z# .# #....# #.....#
#...... #.....## #.....#
#......


You could see an iguana and 4 wights.

Vanquished Creatures
  The ghost of bahustanut the Cudgeller, an amateur OgGl (D:4)
  2 ogres
  A phantom (D:4)
  A centaur (D:5)
  A gnoll sergeant (D:5)
  A scorpion (D:4)
  A wight (D:5)
  A howler monkey (D:5)
  A jelly (D:5)
  2 hounds (D:5)
  A bullfrog skeleton (D:4)
  Jessica (D:2)
  An orc wizard (D:4)
  A howler monkey zombie (D:4)
  A howler monkey skeleton (D:4)
  7 adders
  11 gnolls
  2 white imps (D:5)
  5 worms
  7 orcs
  7 endoplasms
  2 giant cockroaches
  6 goblins
  9 hobgoblins
  8 jackals
  10 kobolds
  4 quokkas
  5 ball pythons
  8 bats
  6 frilled lizards
  4 rats
118 creatures vanquished.

Notes
Turn   | Place    | Note
-------+----------+-------------------------------------------
     0 | D:1      | Fodor the Minotaur Fighter began the quest for the Orb.
     0 | D:1      | Reached XP level 1. HP: 19/19 MP: 0/0
   193 | D:1      | Reached XP level 2. HP: 23/27 MP: 1/1
   618 | D:1      | Reached XP level 3. HP: 33/33 MP: 2/2
   805 | D:2      | Noticed Jessica
   925 | D:2      | Killed Jessica
  1052 | D:2      | Reached XP level 4. HP: 39/40 MP: 3/3
  1920 | D:3      | HP: 2/40 [frozen (5)]
  1940 | D:3      | Reached XP level 5. HP: 10/46 MP: 4/4
  2131 | D:3      | Found a white marble altar of Elyvilon.
  2204 | D:3      | Found an iron altar of Okawaru.
  2984 | D:3      | Found a bloodstained altar of Trog.
  3085 | D:4      | Found a shadowy altar of Dithmenos.
  3093 | D:4      | Reached skill level 1 in Maces & Flails
  3213 | D:4      | Reached skill level 5 in Long Blades
  3216 | D:4      | Found a transporter.
  3217 | D:4      | Noticed bahustanut's ghost (amateur OgGl)
  3296 | D:4      | Reached skill level 2 in Maces & Flails
  3296 | D:4      | Reached XP level 6. HP: 47/53 MP: 5/5
  3363 | D:4      | Reached skill level 3 in Maces & Flails
  3363 | D:4      | Reached skill level 5 in Armour
  3575 | D:4      | Found a transporter.
  3601 | D:4      | Reached skill level 4 in Maces & Flails
  3719 | D:4      | Found a staircase to the Ecumenical Temple.
  3738 | Temple   | Entered the Ecumenical Temple
  3947 | D:4      | Reached XP level 7. HP: 46/60 MP: 6/6
  3964 | D:4      | Killed bahustanut's ghost
  3965 | D:4      | Reached skill level 5 in Maces & Flails
  3972 | D:4      | Reached skill level 5 in Shields
  4076 | D:5      | Entered Level 5 of the Dungeon
  4100 | D:5      | Reached skill level 5 in Fighting
  4241 | D:5      | Reached skill level 6 in Maces & Flails
  4333 | D:5      | Found Ciqan's CLEARANCE SALE!.
  4338 | D:5      | Bought a ring of flight for 122 gold pieces
  4477 | D:5      | Found a broken altar of Ashenzari.
  4691 | D:5      | Reached XP level 8. HP: 68/68 MP: 7/7
  4739 | D:5      | Reached skill level 7 in Maces & Flails
  4742 | D:5      | Mangled by a wight

Illustrated notes

Levels and vault maps discovered:
D:1:      amcnicky_arrival_single_pillar, layout_loops_ring
D:2:      layout_basic, dreamdust_wishing_well, minmay_misc_feat_rugged,
          chequers_serial_rivers_marsh, uniq_jessica
D:3:      layout_rooms, mainiacjoe_overflow_alcove_2,
          mainiacjoe_overflow_large_starburst, ebering_dispersal_statue_hall
D:4:      layout_cave_pools, mainiacjoe_overflow_tiny_flanked,
          minmay_temple_entry_nine_rooms, gammafunk_ghost_mausoleum
D:5:      layout_basic, mainiacjoe_overflow_alcove_1, general_overflow_altar,
          nicolae_shop_clearance
Temple:   nicolae_temple_figure_zero

Skill      XL: |  1  2  3  4  5  6  7  8 |
---------------+-------------------------+-----
Armour         | 4 5 |  5.8
Shields        | 4 5 |  5.9
Fighting       | 4 5 |  5.3
Long Blades    | 3 4 5 |  5.0
Maces & Flails | 2 4 6 7 |  7.0
Dodging        | |  0.9
Stealth        | |  0.1

Action                     |  1- 3 |  4- 6 |  7- 9 || total
---------------------------+-------+-------+-------++-------
  Melee: Long sword        |    95 |    96 |       ||   191
         Headbutt          |     9 |    22 |    16 ||    47
         Flail             |       |    89 |    88 ||   177
  Throw: Dart              |     1 |       |       ||     1
    Use: Potion            |       |     2 |     4 ||     6
         Scroll            |       |     1 |     3 ||     4
 Armour: Plate armour      |    65 |   172 |   120 ||   357
         Scale mail        |     2 |       |       ||     2
  Dodge: Dodged            |    30 |    69 |    45 ||   144
  Block: Buckler           |    27 |    50 |    38 ||   115

Table legend: (Time is in decaauts)
 A = Elapsed time spent in this place.
 B = Non-inter-level travel time spent in this place.
 C = Inter-level travel time spent in this place.
 D = Time resting spent in this place.
 E = Time spent auto-exploring this place.
 F = Levels seen in this place.
 G = Mean time per level.
                   A        B        C        D        E       F      G
               +--------+--------+--------+--------+--------+-----+--------+
         Total |   4830 |   4613 |    217 |   1035 |      0 |   6 |  805.0 |
       Dungeon |   4780 |   4563 |    217 |   1035 |      0 |   5 |  956.0 |
        Temple |     49 |     49 |      0 |      0 |      0 |   1 |   49.0 |
               +--------+--------+--------+--------+--------+-----+--------+

Top non-repeatable levels by time:
     D:3: 1350 daAuts
     D:2: 1004 daAuts
     D:4: 966 daAuts
     D:1: 785 daAuts
     D:5: 673 daAuts
  Temple: 49 daAuts
